 Dungeon Sprint DCSS version 0.20.1-1-g8b1a95d (console) character file.

505 hilaritas the Grappler (level 6, 0/88 HPs)
             Began as a Troll Fighter on Aug 23, 2017.
             Was a Follower of Uskayaw.
             Slain by a cyan ugly thing (14 damage)
             ... in the Dungeon (Sprint IX: "|||||||||||||||||||||||||||||").
             The game lasted 00:01:56 (315 turns).

hilaritas the Grappler (Troll Fighter)               Turns: 315, Time: 00:01:57

Health: 0/88       AC:  5    Str: 30    XL:     6   Next: 96%
Magic:  6/8        EV: 10    Int: 12    God:    Uskayaw [*.....]
Gold:   0          SH: 11    Dex:  9    Spells: 5/5 levels left

rFire    . . .     SeeInvis .     - Unarmed
rCold    . . .     Gourm    +   b - +0 shield
rNeg     . . .     Faith    .   a - +0 robe
rPois    .         Spirit   .   (helmet restricted)
rElec    .         Reflect  .   (no cloak)
rCorr    .         Harm     .   (gloves unavailable)
MR       .....     NoTele   +   (boots unavailable)
Stlth    ..........             (no amulet)
Regen    0.7/turn               k - +3 ring of intelligence
MPRegen  0.2/turn               q - +3 ring of intelligence

@: berserking, very quick
A: unfitting armour, claws 3, fast metabolism 3, gourmand, regeneration 1,
shaggy fur 1, tough skin 2
a: Stomp, Renounce Religion


You were in the Dungeon.
You worshipped Uskayaw.
Uskayaw was noncommittal.
You were not hungry.

You visited 1 branch

Inventory:

Hand Weapons
 p - a +2 scimitar of flaming
Armour
 a - a +0 robe (worn)
 b - a +0 shield (worn)
Jewellery
 k - a +3 ring of intelligence (left claw)
 q - a +3 ring of intelligence (right claw)
Wands
 o - a wand of acid (7/15)
Scrolls
 j - 2 scrolls of blinking
 m - 3 scrolls of remove curse
 n - 2 scrolls of amnesia
Potions
 c - a potion of might
 e - 5 potions of curing
 f - a potion of invisibility
 g - a potion of haste
 h - 4 potions of magic
 l - a potion of heal wounds
Comestibles
 d - 2 bread rations
 r - 3 chunks of flesh


   Skills:
 - Level 2.4 Fighting
 - Level 2.4 Dodging
 + Level 7.8 Shields
 * Level 11.1 Unarmed Combat
 * Level 4.1 Invocations


You had 5 spell levels left.
You didn't know any spells.

Dungeon Overview and Level Annotations

Branches:
Dungeon (1/1)

Altars:
Cheibriados
Dithmenos
Elyvilon
Fedhas
Gozag
Hepliaklqana
Kikubaaqudgha
Makhleb
Nemelex Xobeh
Okawaru
Qazlal
Ru
Sif Muna
Trog
Uskayaw
Vehumet
Xom
Yredelemnul
Zin
The Shining One
Beogh
Jiyva
Lugonu


Innate Abilities, Weirdness & Mutations

You are too large for most types of armour.
You have claws for hands.
Your metabolism is lightning-fast.
You like to eat raw meat.
Your natural rate of healing is unusually fast.
You are covered in fur. (AC +1)
You have very tough skin. (AC +2)


Message History

a battleaxe; a chain mail You open the door.
A yak, a wyvern, 2 ugly things, a centaur warrior and a troll come into view.
The cyan ugly thing gurgles horribly!
The centaur warrior shouts!
The yak bellows!
The cyan ugly thing gurgles horribly!
The troll shouts!
You barely miss the cyan ugly thing. The cyan ugly thing headbutts you!
The cyan ugly thing shocks you!
You can no longer pass through a line of other dancers.
You scratch the cyan ugly thing.
The cyan ugly thing is lightly wounded.
The cyan ugly thing headbutts you. The cyan ugly thing shocks you!
* * * LOW HITPOINT WARNING * * *
You feel much better. The cyan ugly thing headbutts you!
The cyan ugly thing shocks you!
A red film seems to cover your vision as you go berserk!
You feel yourself moving faster!
You feel mighty! The cyan ugly thing headbutts you!
* * * LOW HITPOINT WARNING * * *
The cyan ugly thing shocks you!
You die... ▓▓▓▓▓▓▓▓▓▓▓▓▓▓▓▓▓▓▓▓▓▓▓▓ '..|)[[[..†)....@uTcYul. ▓▓▓▓▓▓▓▓▓▓▓▓▓▓▓▓▓▓▓▓▓▓▓▓

You could see 2 ugly things, a centaur warrior, a yak, a troll and a wyvern.

Vanquished Creatures
  A yak (D)
  A soldier ant (D)
  A water moccasin (D)
  An orc warrior (D)
  A crimson imp (D)
  2 adders (D)
  2 adder skeletons (D)
  A worm (D)
  A dart slug (D)
  A bat (D)
  2 kobolds (D)
  A quokka (D)
  A ball python (D)
16 creatures vanquished.

Notes
Turn   | Place    | Note
-------+----------+-------------------------------------------
     0 | D        | hilaritas the Troll Fighter began the quest for the Orb.
     0 | D        | Reached XP level 1. HP: 22/22 MP: 0/0
    20 | D        | Reached skill level 3 in Unarmed Combat
   110 | D        | Noticed a water moccasin
   110 | D        | Noticed a crimson imp
   132 | D        | Killed a water moccasin
   132 | D        | Reached skill level 5 in Shields
   132 | D        | Reached skill level 7 in Unarmed Combat
   132 | D        | Reached XP level 2. HP: 14/29 MP: 1/1
   132 | D        | Reached XP level 3. HP: 18/36 MP: 2/2
   132 | D        | Reached XP level 4. HP: 22/44 MP: 3/3
   156 | D        | Reached skill level 8 in Unarmed Combat
   156 | D        | Reached XP level 5. HP: 9/50 MP: 4/4
   238 | D        | Found a roughly hewn altar of Beogh.
   238 | D        | Found a snail-covered altar of Cheibriados.
   238 | D        | Found a shadowy altar of Dithmenos.
   238 | D        | Found a white marble altar of Elyvilon.
   238 | D        | Found a blossoming altar of Fedhas.
   238 | D        | Found an opulent altar of Gozag.
   239 | D        | Found a hazy altar of Hepliaklqana.
   240 | D        | Found a viscous altar of Jiyva.
   241 | D        | Found an ancient bone altar of Kikubaaqudgha.
   242 | D        | Found a corrupted altar of Lugonu.
   243 | D        | Found a burning altar of Makhleb.
   244 | D        | Found a sparkling altar of Nemelex Xobeh.
   245 | D        | Found an iron altar of Okawaru.
   246 | D        | Found a stormy altar of Qazlal.
   247 | D        | Found a sacrificial altar of Ru.
   248 | D        | Found a deep blue altar of Sif Muna.
   249 | D        | Found a bloodstained altar of Trog.
   250 | D        | Found a hide-covered altar of Uskayaw.
   251 | D        | Found a radiant altar of Vehumet.
   253 | D        | Found a shimmering altar of Xom.
   254 | D        | Found a basalt altar of Yredelemnul.
   255 | D        | Found a glowing silver altar of Zin.
   256 | D        | Found a glowing golden altar of the Shining One.
   260 | D        | Became a worshipper of Uskayaw the Reveler
   289 | D        | Noticed a soldier ant
   289 | D        | Noticed a yak
   289 | D        | Noticed an orc warrior
   290 | D        | Reached * piety under Uskayaw
   293 | D        | Killed a soldier ant
   293 | D        | Reached skill level 9 in Unarmed Combat
   293 | D        | Reached XP level 6. HP: 55/59 MP: 4/6
   293 | D        | Reached ** piety under Uskayaw
   296 | D        | Reached *** piety under Uskayaw
   297 | D        | Killed a yak
   297 | D        | Reached skill level 10 in Unarmed Combat
   297 | D        | Reached **** piety under Uskayaw
   300 | D        | Killed an orc warrior
   300 | D        | Reached skill level 11 in Unarmed Combat
   311 | D        | Noticed a cyan ugly thing
   311 | D        | Noticed a troll
   311 | D        | Noticed a centaur warrior
   311 | D        | Noticed a yak
   311 | D        | Noticed a cyan ugly thing
   311 | D        | Noticed a wyvern
   315 | D        | Slain by a cyan ugly thing

Skill      XL: |  1  2  3  4  5  6 |
---------------+-------------------+-----
Shields        | 5 6 7 |  7.8
Unarmed Combat | 7 8 9 11 | 11.1
Invocations    | 2 4 |  4.1
Fighting       | |  2.4
Dodging        | |  2.4

Action                   |  1- 3 |  4- 6 || total
-------------------------+-------+-------++-------
Melee: Unarmed           |    38 |    36 ||    74
  Use: Potion            |     1 |     2 ||     3
 Stab: Paralysed         |       |     2 ||     2
  Eat: Chunk             |     1 |     1 ||     2
Armor: Robe              |     6 |     6 ||    12
Dodge: Dodged            |    14 |    11 ||    25
Block: Shield            |    15 |     4 ||    19
